Map: Eastwatch LE

Players

Ziggy - Winner!

  • Race: Terran Terran
  • Spawn Location: 7:00

PappiJoe

  • Race: Protoss Protoss
  • Spawn Location: 1:00

Event: WCS Leipzig 2018

VOD

Have the link to the VOD?

Description

Time

  • Played on: Jan. 26, 2018, 8:08 a.m.
  • Length: 4:46

All games in this series

Show
View Real Time Build Order
Export as new Build Order

Ziggy Terran - Winner!

Build Orders:  

Get SALT Encoding   

  12  0:00  SCV  
  13  0:12  SCV  
  14  0:17  Supply Depot  
  14  0:24  SCV  
  15  0:39  SCV, Barracks  
  16  0:45  Refinery  
  16  0:51  SCV  
  17  1:03  SCV  
  18  1:15  SCV  
  19  1:26  Marine  
  19  1:27  Orbital Command  
  20  1:41  Barracks x2  
  20  1:45  Barracks Tech Lab  
  20  1:47  Supply Depot  
  20  2:05  Marauder  
  22  2:09  Stimpack  
  22  2:14  SCV  
  23  2:19  Supply Depot  
  23  2:27  Marauder  
  23  2:28  Marine  
  23  2:29  Marine  
  27  2:44  SCV  
  27  2:46  Marine  
  27  2:47  Marine  
  30  2:56  SCV  
  29  3:08  Marine, Marauder  
  32  3:13  Marine  
  32  3:14  SCV  
  34  3:26  Marine, Barracks  
  32  3:29  Marine  
  32  3:31  Marine  
  33  3:43  Marine  
  33  3:48  Marauder  
  36  3:49  Marine  
  36  3:51  Supply Depot  
  36  3:52  Supply Depot  
  37  4:01  Marine  
  38  4:07  Marine  
  39  4:12  Marine  
  40  4:19  Marine  
  37  4:24  Marine x2  
Show
View Real Time Build Order
Export as new Build Order

PappiJoe Protoss 

Build Orders: Proxy Void Ray 

Get SALT Encoding   

  12  0:09  Pylon  
  12  0:12  Probe  
  13  0:27  Gateway  
  13  0:30  Probe (Chrono Boost)  
  14  0:42  Probe (Chrono Boost), Assimilator  
  15  0:47  Probe (Chrono Boost)  
  16  0:52  Assimilator  
  16  0:56  Probe  
  17  1:08  Probe  
  18  1:16  Cybernetics Core  
  18  1:20  Probe  
  19  1:28  Pylon  
  20  1:32  Probe  
  20  1:45  Probe  
  21  1:49  Stalker (Chrono Boost)  
  23  1:55  Stargate  
  23  2:05  Shield Battery  
  22  2:13  Stalker (Chrono Boost), Warp Gate  
  22  2:19  Probe  
  25  2:31  Probe  
  30  2:47  Pylon  
  30  2:59  Pylon  
  30  3:01  Pylon  
  29  3:10  Void Ray (Chrono Boost)  
  29  3:23  Stalker  
  31  3:30  Probe  
  32  3:42  Probe  
  32  3:46  Void Ray (Chrono Boost)  
  37  3:49  Shield Battery  
  37  3:55  Shield Battery, Pylon  
  37  4:02  Pylon  
  37  4:12  Shield Battery  
Tags
 
Add a new tag
Caveats
  • Supply blocks, unpowered buildings, or Contaminate may cause inaccurate times.
  • Supply counts are checked every 10 seconds.